AoeStats
← duke of downend

Arabia

510413545Analyzed
2v2 RM · 1d ago on Sep 30, 2026· 40m 25s· 4 players
Game mode
Random Map
Map size
Medium (4 player)
Population
200
Speed
Normal
Resources
Standard
Victory
Conquest
Starting age
Dark Age
Ending age
Imperial Age
RankedLock teamsTeams togetherTeam positionsShared explorationLock speedFull tech treeHidden civsTurbo modeCheats
Victory
Defeat
868
+11
🇦🇷 Khmer · Argentina
768
+13
🇪🇸 Britons · Spain
765
-13
🇬🇧 Khmer · United Kingdom
713
-11
Alquimista_Latino
10:49 Loom
13:17 Feudal Age
15:27 Double-Bit Axe
16:08 Fletching
18:30 Wheelbarrow
19:27 Forging
23:12 Castle Age
duke of downend
4:23 Loom
13:50 Feudal Age
25:10 Castle Age
24:39 Double-Bit Axe
25:02 Horse Collar
28:00 Pikeman
28:36 Crossbowman
30:20 Bow Saw
30:15 Heavy Plow
drip_trpz #Grandma Peek
0:36 Loom
9:52 Feudal Age
11:19 Double-Bit Axe
14:41 Fletching
27:26 Castle Age
28:31 Crossbowman
29:16 Thumb Ring
29:10 Bodkin Arrow
29:16 Padded Archer Armor
30:32 Stone Mining
30:33 Gold Mining
34:42 Ballistics
38:03 Imperial Age
40:07 Chemistry
38:59 Guard Tower
38:55 Arrowslits
39:20 Fortified Wall
39:48 Gold Shaft Mining
39:49 Stone Shaft Mining
39:54 Wheelbarrow
39:04 Town Watch
39:33 Bow Saw
39:43 Leather Archer Armor
CuerVoArG!!!
1:55 Loom
9:21 Feudal Age
11:11 Horse Collar
13:18 Forging
18:57 Castle Age
18:22 Double-Bit Axe
20:54 Heavy Plow
21:06 Bow Saw
32:34 Imperial Age
34:07 Crop Rotation
35:18 Iron Casting
35:52 Gold Mining
35:52 Capped Ram
38:49 Spies/Treason
Connection lost

Rejoining the realm…

Still unreachable

The connection could not be restored.

Session expired

The server has moved on; the page needs a fresh start.